 Dungeon Crawl Stone Soup version 0.27-a0-1137-g3ef0f4ec91 (webtiles) character file.

Game seed: 14397735015241409064

338 DarkShadow the Shield-Bearer (level 6, -2/53 HPs)
             Began as a Minotaur Fighter on May 6, 2021.
             Slain by a lemure (4 damage)
             ... led by Pikel
             ... on level 4 of the Dungeon.
             The game lasted 00:05:56 (2959 turns).

DarkShadow the Shield-Bearer (Minotaur Fighter)     Turns: 2959, Time: 00:05:57

Health: -2/53      AC:  7    Str: 22    XL:     6   Next: 29%
Magic:  5/5        EV:  8    Int:  5    God:
Gold:   209        SH: 10    Dex: 10    Spells: 5/5 levels left

rFire    . . .     SeeInvis .   a - +0 long sword
rCold    . . .     Faith    .   c - +0 kite shield
rNeg     . . .     Spirit   .   b - +0 scale mail
rPois    .         Reflect  .   (helmet restricted)
rElec    .         Harm     .   (no cloak)
rCorr    .         Rampage  .   (no gloves)
Will     .....                  (no boots)
Stlth    ..........             (no amulet)
HPRegen  0.17/turn              (no ring)
MPRegen  0.09/turn              (no ring)

@: no status effects
A: horns 2, retaliatory headbutt
a: no special abilities


You were on level 4 of the Dungeon.
You visited 1 branch of the dungeon, and saw 4 of its levels.

You collected 209 gold pieces.

Inventory:

Hand Weapons
 a - a +0 long sword (weapon)
Armour
 b - a +0 scale mail (worn)
 c - a +0 kite shield (worn)
Jewellery
 f - a ring of positive energy
Scrolls
 e - a scroll of vulnerability {unknown}
 h - 5 scrolls of identify {unknown}
 i - 3 scrolls of summoning {unknown}
 k - 2 scrolls of magic mapping {unknown}
 m - 2 scrolls of amnesia {unknown}
 r - a scroll of enchant weapon {unknown}
 u - 2 scrolls of acquirement {unknown}
 v - a scroll of brand weapon {unknown}
 w - a scroll of blinking {unknown}
Potions
 d - a potion of might
 g - a potion of haste {unknown}
 j - a potion of invisibility {unknown}
 l - a potion of lignification {unknown}
 n - a potion of attraction {unknown}
 o - 3 potions of heal wounds {unknown}
 p - a potion of mutation {unknown}
 q - a potion of magic {unknown}
 s - 4 potions of curing {unknown}
 t - a potion of flight {unknown}


   Skills:
 + Level 4.6 Fighting
 + Level 4.7 Long Blades
 + Level 5.0 Armour
 + Level 1.5 Dodging
 + Level 0.1 Stealth
 + Level 5.4 Shields


You had 5 spell levels left.
You didn't know any spells.
Your spell library was empty.

Dungeon Overview and Level Annotations

Branches:
Dungeon (4/15)
 Temple: D:4-7

Altars:
Fedhas
Uskayaw

Annotations:
D:4 Pikel


Innate Abilities, Weirdness & Mutations

You have a pair of horns on your head.
You reflexively headbutt those who attack you in melee.


Message History

A lemure opens the door.
The hound pauses to sniff the ground.
Pikel waves his whip at you. You block Pikel's attack.
You block the hound's attack. You block the hound's attack.
The lemure hits you but does no damage. You block the hound's attack.
You hit the lemure.
The lemure is lightly wounded.
You block the lemure's attack. The hound bites you but does no damage.
Pikel barely misses you. You furiously retaliate!
You headbutt Pikel. The lemure closely misses you. You furiously retaliate!
You headbutt the lemure.
You riposte.
You barely miss the lemure.
The lemure is moderately wounded.
The hound bites you. The lemure hits you.
You closely miss the lemure. Your headbutt misses the lemure.
The lemure is lightly wounded.
Pikel hits you with a +2 whip of flaming.
Pikel burns you. The hound bites you but does no damage.
You block the lemure's attack. The hound barely misses you.
You furiously retaliate!
You headbutt the hound, but do no damage.
You riposte.
You barely miss the hound. Your headbutt misses the hound.
You block Pikel's attack.
You hit the lemure. Your headbutt misses the lemure.
The lemure is moderately wounded.
The hound bites you. You block the lemure's attack. The lemure hits you.
Pikel hits you with a +2 whip of flaming.
* * * LOW HITPOINT WARNING * * *
Pikel burns you.
* * * LOW HITPOINT WARNING * * *
The lemure hits you.
* * * LOW HITPOINT WARNING * * *
You block the hound's attack. The lemure hits you.
* * * LOW HITPOINT WARNING * * *
The lemure hits you.
* * * LOW HITPOINT WARNING * * *
The hound bites you but does no damage. You block the hound's attack.
The lemure hits you.
You die...

#.....#..#....#.......#
#.....#..#...^#.......#
#.....#..#....#....†..#
#.....#..#....#####...# ##....#
#.....#..#........##'## #.....#
#.....#..#......5.....# #.....#
#.....#..#.....5.5....# #.....#
#.....#..#####..hK....# #.....
#.....#.†....#.@5.....# #...
#.....#......##'##....####.#'###
#..)..#'###..##..#.........)....
#....††...#..##..#####..........
#.........#..........#....#####.
##.........#.#........#........
.............#........#.........
##.........###.#..##..#..........
.##............#...##+#..........


You could see Pikel, 4 lemures and a hound.

Vanquished Creatures
  A phantom (D:4)
  A hound (D:4)
  An orc wizard (D:3)
  7 gnolls
  6 adders
  An adder skeleton (D:4)
  2 dart slugs (D:2)
  5 orcs
  4 ball pythons
  5 endoplasms
  3 giant cockroaches
  3 goblins
  12 hobgoblins
  5 jackals (D:4)
  7 kobolds
  7 bats
  2 frilled lizards (D:2)
  7 rats
79 creatures vanquished.

Notes
Turn   | Place    | Note
-------+----------+-------------------------------------------
     0 | D:1      | DarkShadow the Minotaur Fighter began the quest for the
                  | Orb.
     0 | D:1      | Reached XP level 1. HP: 19/19 MP: 0/0
   187 | D:1      | Reached XP level 2. HP: 27/27 MP: 1/1
   430 | D:1      | Found a faded altar of an unknown god.
   587 | D:1      | Reached XP level 3. HP: 32/33 MP: 2/2
  1056 | D:2      | Reached skill level 1 in Dodging
  1208 | D:2      | Reached XP level 4. HP: 27/40 MP: 3/3
  1961 | D:3      | Found a blossoming altar of Fedhas.
  2103 | D:3      | Reached skill level 5 in Shields
  2103 | D:3      | Reached XP level 5. HP: 26/47 MP: 4/4
  2384 | D:3      | Noticed a +0 hand axe
  2384 | D:3      | Noticed a +0 hand axe
  2388 | D:3      | Found a hide-covered altar of Uskayaw.
  2758 | D:4      | Noticed a phantom
  2771 | D:4      | Killed a phantom
  2772 | D:4      | Reached skill level 5 in Armour
  2772 | D:4      | Reached XP level 6. HP: 41/53 MP: 5/5
  2933 | D:4      | Noticed Pikel
  2957 | D:4      | HP: 2/53 [lemure[Pikel] (1)]
  2959 | D:4      | Slain by a lemure

Illustrated notes

Levels and vault maps discovered:
D:1:      shiori_arrival_oz, layout_basic,
          shapermc_ecumenical_altar_starsandcircs
D:2:      layout_basic, small_statue_intersection
D:3:      layout_basic, fedhas_altar_3, dancing_weapons_uskayaw, serial_curves,
          eino_curves_01, eino_curves_02, eino_curves_03
D:4:      layout_gridville, hangedman_abyss_or_decor_stabs,
          kennysheep_windowed_goal, uniq_sigmund, uniq_pikel

Skill      XL: |  1  2  3  4  5 |
---------------+----------------+-----
Armour         | 4 5 |  5.0
Shields        | 4 5 |  5.4
Fighting       | 4 |  4.6
Dodging        | 1 |  1.5
Long Blades    | 3 4 |  4.7
Stealth        | |  0.1

Action                   |  1- 3 |  4- 6 || total
-------------------------+-------+-------++-------
Melee: Long sword        |    70 |   111 ||   181
       Headbutt          |    12 |    23 ||    35
Armor: Scale mail        |    29 |    58 ||    87
Dodge: Dodged            |    20 |    48 ||    68
Block: Kite shield       |    37 |    81 ||   118
       Rpst.: Long sword |     6 |    10 ||    16

Table legend: (Time is in decaauts)
 A = Elapsed time spent in this place.
 B = Non-inter-level travel time spent in this place.
 C = Inter-level travel time spent in this place.
 D = Time resting spent in this place.
 E = Time spent auto-exploring this place.
 F = Levels seen in this place.
 G = Mean time per level.
                   A        B        C        D        E       F      G
               +--------+--------+--------+--------+--------+-----+--------+
         Total |   3039 |   3028 |     11 |    409 |   1910 |   4 |  759.8 |
       Dungeon |   3039 |   3028 |     11 |    409 |   1910 |   4 |  759.8 |
               +--------+--------+--------+--------+--------+-----+--------+

Top non-repeatable levels by time:
     D:3: 1145 daAuts
     D:1: 850 daAuts
     D:2: 690 daAuts
     D:4: 354 daAuts
